 Dungeon Crawl Stone Soup version 0.25-a0-578-gc91f01c39c (webtiles) character file.

Game seed: 5426581261724744662, levelgen mode: deterministic

342311 jt the Lord of Darkness (level 22, -24/137 HPs)
             Began as a Vine Stalker Fighter on Mar 6, 2020.
             Was the Champion of Kikubaaqudgha.
             Killed from afar by a tengu reaver (27 damage)
             ... with a bolt of magma
             ... led by Sojobo
             ... while paralysed by a floating eye
             ... on level 1 of the Depths on Mar 7, 2020.
             The game lasted 04:41:00 (52306 turns).

jt the Lord of Darkness (Vine Stalker Fighter)     Turns: 52306, Time: 04:41:02

Health: -24/137    AC:  9    Str: 19    XL:     22   Next: 3%
Magic:  0/43       EV:  2    Int: 19    God:    Kikubaaqudgha [******]
Gold:   2091       SH:  0    Dex: 24    Spells: 16/53 levels left

rFire    + + .     SeeInvis .   b - +7 Spriggan's Knife {stab, EV+4 Stlth+}
rCold    + + .     Gourm    .   W - +0 kite shield {reflect}
rNeg     + . .     Faith    .   F - +0 swamp dragon scales
rPois    +         Spirit   +   B - +0 hat of Love and Death {+Inv Dex+4 Stlth-}
rElec    +         Reflect  +   r - scarf {rC+ rF+}
rCorr    .         Harm     .   l - +0 pair of gloves {Dex+3}
MR       +++..                  L - +2 pair of boots
Stlth    +++.......             H - amulet of Toatuhit {RegenMP rF+ Int+4 Slay+3}
HPRegen  1.12/turn              D - ring "Guarob" {rElec rN+}
MPRegen  0.53/turn              N - ring of Satyriasis {rC+ MR+}

@: paralysed, lethally poisoned (-24 -> -25), death channel, corroded, very
slightly contaminated, invisible
A: fangs 3, poison resistance, regeneration 2, robust 1, magic shield, antimagic
bite, no potion heal 3, rot immunity
}: 2/15 runes: decaying, gossamer
a: Receive Corpses, Torment, Renounce Religion


You were on level 1 of the Depths.
You worshipped Kikubaaqudgha.
Kikubaaqudgha was exalted by your worship.
You were not hungry.

You visited 10 branches of the dungeon, and saw 41 of its levels.
You also visited: Ossuary and Ice Cave.

You collected 4931 gold pieces.
You spent 2840 gold pieces at shops.

Inventory:

Hand Weapons
 a - a +9 quick blade of pain
 b - the +7 Spriggan's Knife (weapon) {stab, EV+4 Stlth+}
   (You found it in an ice cave)

   It affects your evasion (+4).
   It makes you more stealthy.
 q - a +1 double sword of holy wrath
Missiles
 v - 3 throwing nets (quivered)
 U - 10 curare-tipped darts
Armour
 c - a scarf of repulsion
 l - a +0 pair of gloves of dexterity (worn)
 r - a scarf of resistance (worn)
 B - the +0 hat of Love and Death (worn) {+Inv Dex+4 Stlth-}
   (You bought it in a shop on level 3 of the Elven Halls)

   It affects your dexterity (+4).
   It lets you turn invisible.
   It makes you less stealthy.
   If you remove this armour, your AC will remain unchanged.
 F - +0 swamp dragon scales (worn)
 L - a +2 pair of boots (worn)
 W - a +0 kite shield of reflection (worn)
Jewellery
 j - an uncursed ring of magical power
 m - the ring of Wisdom {rC+ rN+ Int+2 Stlth-}
   (You found it on level 2 of the Lair of Beasts)

   [ring of attention]

   It affects your intelligence (+2).
   It protects you from cold.
   It protects you from negative energy.
   It makes you less stealthy.
 D - the ring "Guarob" (left hand) {rElec rN+}
   (You took it off a deep elf blademaster on level 3 of the Elven Halls)

   [ring of positive energy]

   It insulates you from electricity.
   It protects you from negative energy.
 H - the amulet of Toatuhit (around neck) {RegenMP rF+ Int+4 Slay+3}
   (You took it off a deep elf elementalist on level 3 of the Elven Halls)

   [amulet of magic regeneration]

   It increases your magic regeneration.
   It affects your intelligence (+4).
   It affects your accuracy and damage with ranged weapons and melee attacks
   (+3).
   It protects you from fire.
 N - the ring of Satyriasis (right hand) {rC+ MR+}
   (You bought it in a shop on level 5 of the Dungeon)

   [ring of protection from cold]

   It protects you from cold.
   It affects your resistance to hostile enchantments.
Wands
 k - a wand of iceblast (11)
 s - a wand of polymorph (32)
 t - a wand of digging (12)
 I - a wand of enslavement (23)
 K - a wand of flame (63)
 X - a wand of paralysis (1)
 Z - a wand of acid (3)
Scrolls
 d - 6 scrolls of fog
 g - 4 scrolls of vulnerability
 h - 25 scrolls of identify
 i - 19 scrolls of remove curse
 u - 4 scrolls of magic mapping
 y - 3 scrolls of summoning
 z - 3 scrolls of blinking
 Q - 3 scrolls of fear
 S - 8 scrolls of immolation
 T - 5 scrolls of teleportation
 V - a scroll of silence
Potions
 e - a potion of resistance
 n - 5 potions of brilliance
 o - 6 potions of haste
 w - 12 potions of curing
 A - 4 potions of ambrosia
 C - 12 potions of lignification
 E - 8 potions of flight
 J - 3 potions of cancellation
 O - a potion of invisibility
 P - 4 potions of stabbing
 Y - a potion of magic
Miscellaneous
 x - a phial of floods
 G - a phantom mirror
 R - a box of beasts
Comestibles
 f - 57 rations


   Skills:
 + Level 16.5 Fighting
 - Level 10.0 Short Blades
 - Level 5.0 Armour
 - Level 4.0 Dodging
 - Level 5.0 Stealth
 - Level 15.0 Shields
 - Level 16.0 Spellcasting
 - Level 6.0 Hexes
 - Level 4.0 Summonings
 - Level 17.2 Necromancy
 - Level 5.0 Translocations
 - Level 5.0 Air Magic
 - Level 6.0 Earth Magic
 - Level 8.0 Evocations


You had 16 spell levels left.
You knew the following spells:

 Your Spells              Type           Power        Failure   Level  Hunger
a - Corpse Rot            Necr/Air       N/A          1%          2    None
b - Animate Skeleton      Necr           N/A          0%          1    None
c - Pain                  Necr           ####         0%          1    None
d - Vampiric Draining     Necr           ######....   0%          3    None
e - Animate Dead          Necr           N/A          1%          4    None
f - Dispel Undead         Necr           ######..     1%          4    None
g - Blink                 Tloc           N/A          1%          2    None
h - Death Channel         Necr           ######....   1%          6    #####..
i - Borgnjor's Vile Clut  Necr/Erth      ######....   1%          5    ###....
j - Call Imp              Summ           ####....     1%          2    None
k - Leda's Liquefaction   Hex/Erth       #####.....   5%          4    None
l - Recall                Summ/Tloc      N/A          3%          3    None

Your spell library contained the following spells:

 Spells                   Type           Power        Failure   Level  Hunger
 Sublimation of Blood     Necr           ######....   0%          2    None
 Apportation              Tloc           ####..       1%          1    None
 Corona                   Hex            #####..      1%          1    None
 Summon Butterflies       Summ           ####....     1%          1    None
 Slow                     Hex            #####...     1%          2    None
 Confusing Touch          Hex            #####...     1%          3    None
 Portal Projectile        Hex/Tloc       #####.       1%          3    None
 Tukima's Dance           Hex            #####...     1%          3    None
 Agony                    Necr           ######..     1%          5    ###....
 Shock                    Conj/Air       ###.         2%          1    None
 Gell's Gravitas          Tloc           ####......   2%          3    None
 Lesser Beckoning         Tloc           ####......   2%          3    None
 Ensorcelled Hibernation  Hex/Ice        ####..       3%          2    None
 Swiftness                Chrm/Air       ###.....     3%          2    None
 Cause Fear               Hex            #####.....   5%          4    None
 Excruciating Wounds      Chrm/Necr      #####.....   5%          5    ###....
 Dazzling Flash           Conj/Hex       ####..       6%          3    None
 Inner Flame              Hex/Fire       ####....     6%          3    None
 Foxfire                  Conj/Fire      ###.         7%          1    None
 Magic Dart               Conj           ###.         7%          1    None
 Static Discharge         Conj/Air       ###.....     7%          3    None
 Airstrike                Air            ####......   9%          4    None
 Searing Ray              Conj           ###...       10%         2    None
 Mephitic Cloud           Conj/Pois/Air  ###.....     10%         3    None
 Summon Lightning Spire   Summ/Air       ####....     11%         4    None
 Fulminant Prism          Conj/Hex       ####......   19%         4    None
 Petrify                  Tmut/Erth      ####....     19%         4    None
 Silence                  Hex/Air        #####.....   19%         5    ###....
 Conjure Flame            Conj/Fire      ###.....     21%         3    None
 Ignite Poison            Fire/Tmut/Pois ###.....     21%         3    None
 Iskenderun's Mystic Bla  Conj/Tloc      ###.....     24%         4    None
 Simulacrum               Ice/Necr       #####.....   30%         6    #####..
 Metabolic Englaciation   Hex/Ice        ####......   47%         5    ###....
 Yara's Violent Unravell  Hex/Tmut       ####......   47%         5    ###....
 Lightning Bolt           Conj/Air       ###.......   54%         5    ###....
 Bolt of Magma            Conj/Fire/Erth ###.......   63%         5    ###....
 Darkness                 Hex            #####.....   65%         6    #####..
 Invisibility             Hex            #####...     65%         6    #####..
 Dispersal                Tloc           ####......   78%         6    #####..
 Alistair's Intoxication  Tmut/Pois      ###.....     88%         5    ###....
 Fireball                 Conj/Fire      ###.......   88%         5    ###....
 Irradiate                Conj/Tmut      ###.......   88%         5    ###....
 Iskenderun's Battlesphe  Conj/Chrm      ###.....     88%         5    ###....
 Shadow Creatures         Summ           N/A          89%         6    #####..
 Iron Shot                Conj/Erth      ####......   96%         6    #####..
 Statue Form              Tmut/Erth      ####.....    96%         6    #####..
 Conjure Ball Lightning   Conj/Air       ###.......   98%         6    #####..
 Deflect Missiles         Chrm/Air       ###.......   98%         6    #####..
 Hydra Form               Tmut           ###.......   100%        6    #####..
 Starburst                Conj/Fire      ###.......   100%        6    #####..
 Dragon Form              Tmut           ###.......   100%        7    ######.
 Orb of Destruction       Conj           ###.......   100%        7    ######.
 Ring of Flames           Chrm/Fire      ###.......   100%        7    ######.
 Spellforged Servitor     Conj/Summ      ###.......   100%        7    ######.
 Controlled Blink         Tloc           N/A          100%        8    #######
 Discord                  Hex            #####.....   100%        8    #######
 Disjunction              Tloc           ####......   100%        8    #######
 Ignition                 Fire           ###.......   100%        8    #######
 Dragon's Call            Summ           ####......   100%        9    #######
 Tornado                  Air            ####......   100%        9    #######


Dungeon Overview and Level Annotations

Branches:
Dungeon (15/15)            Temple (1/1) D:5            Lair (6/6) D:8
  Swamp (4/4) Lair:4       Spider (4/4) Lair:4        Slime (0/5) Lair:6
    Orc (2/2) D:12            Elf (3/3) Orc:2        Vaults (4/5) D:13
  Crypt (1/3) Vaults:2     Depths (1/5) D:15        Ossuary (visited)
  IceCv (visited)

Altars:
Ashenzari
Cheibriados
Dithmenos
Elyvilon
Fedhas
Gozag
Hepliaklqana
Kikubaaqudgha
Makhleb
Nemelex Xobeh
Okawaru
Qazlal
Ru
Sif Muna
Trog
Uskayaw
Vehumet
Wu Jian
Xom
Yredelemnul
Zin
The Shining One
Beogh

Shops:
D:5 =   D:6 }   D:12 *   D:13 !   Orc:2 ?[((   Elf:3 [   Vaults:2 :

Portals:
Trove: Vaults:1 (give +3 ice dragon scales)

Annotations:
Swamp:2 Roxanne
Elf:2 4 runed translucent doors


Innate Abilities, Weirdness & Mutations

You have razor-sharp teeth.
You heal very quickly.
When hurt, damage is shared between your health and your magic reserves.
Your bite disrupts and absorbs the magic of your enemies.
Potions cannot restore your health.
You are immune to rotting.
Your system is resistant to poisons. (rPois)
You are robust. (+10% HP)


Message History

The tengu reaver pecks you but does no damage.
The tengu reaver claws you.
The yaktaur shoots a bolt.
The bolt hits the tengu reaver!
The floating eye seems to glare at you.
Your spectral very ugly thing hits the great orb of eyes!
You feel sick.
The tengu reaver hits you from afar with a +1 bardiche!!
* * * LOW HITPOINT WARNING * * *
The fire giant hits you with a +2 great sword of flaming!!
* * * LOW HITPOINT WARNING * * *
The fire giant burns you.
* * * LOW HITPOINT WARNING * * *
The great orb of eyes barely misses your spectral very ugly thing.
The glowing orange brain pulsates.
The glowing orange brain radiates an aura of fear!
You easily resist.
The tengu reaver casts a spell at you. The bolt of magma hits you!!
You partially resist.
You die...
Kikubaaqudgha rasps: "You have failed me!
Welcome... death!"

#..#. #....
##.#..#####
##.........##
#...........##
.....(((.....#.
....(..G((...'.
......Z@QQD..#
.....G#GC......
....##.(c.D...ยง
.....##.>R...##
......#..c...#
.............c.
.............(.
#......(.....#.


You could see a fire giant, 2 ice dragons, 2 tengu reavers, a great orb of eyes,
a rakshasa, a glowing orange brain, 2 centaur warriors, a yaktaur, a floating
eye and a friendly spectral very ugly thing.

Vanquished Creatures
  Sojobo (D:15)
  Arachne (Spider:3)
  Jorgrun (Orc:1)
  Rupert (Orc:2)
  2 deep elf blademasters (Elf:3)
  A deep elf master archer (Elf:3)
  The ghost of Oferehae the Geomancer, a journeyman DgEE (Spider:3)
  A thorn hunter (Swamp:4)
  Kirke (D:11)
  A tengu reaver (D:15)
  Donald (Spider:1)
  2 frost giants (Vaults:4)
  4 deep elf elementalists (Elf:3)
  Louise (Spider:3)
  2 emperor scorpions
  3 deep elf sorcerers
  An orc warlord (Orc:2)
  9 vault wardens
  Aizul (Spider:3)
  6 ironheart preservers
  2 stone giants
  9 very ugly things
  2 vampire knights
  9 deep elf demonologists
  4 entropy weavers
  3 spark wasps
  Azrael (Orc:2)
  2 deep elf annihilators (Elf:3)
  5 ettins
  The ghost of Kudimes the Messiah, a journeyman HOFi of Beogh (D:13)
  2 blizzard demons (IceCv)
  2 fire dragons
  Snorg (D:14)
  2 deep elf high priests (Elf:3)
  4 deep elf death magi (Elf:3)
  An ice dragon (Vaults:3)
  2 great orbs of eyes
  9 yaktaur captains
  10 vault guards
  16 hydras
  Erolcha (D:13)
  4 rakshasas
  2 ghost crabs (Swamp:3)
  10 centaur warriors
  A shambling mangrove (Swamp:4)
  Erica (Orc:1)
  A catoblepas (Lair:4)
  8 ogre magi
  A death knight (Vaults:3)
  3 alligators (Swamp:2)
  A vampire mage (D:15)
  A tengu warrior (D:13)
  29 two-headed ogres
  Urug (Orc:1)
  13 dancing weapons
  2 deep troll shamans
  A deep troll earth mage (D:15)
  A queen ant (Lair:2)
  2 orc high priests
  7 deep elf knights
  Nergalle (Lair:4)
  A fire crab (Lair:6)
  A death drake (shapeshifter) (Vaults:2)
  4 skeletal warriors
  8 deep trolls
  7 unseen horrors
  2 flayed ghosts
  A deep troll (shapeshifter) (Elf:1)
  A glowing orange brain (Vaults:4)
  15 ironbrand convokers
  4 swamp dragons
  4 wizards
  6 deep elf archers
  A spectral hydra (Swamp:4)
  Pikel (D:6)
  2 harpies (Vaults:1)
  A necromancer (Crypt:1)
  A mana viper (shapeshifter) (Vaults:2)
  A phantasmal warrior (Swamp:4)
  3 orb spiders
  4 orc sorcerers
  An oklob plant (Swamp:4)
  6 orc knights
  A wolf spider (shapeshifter) (Vaults:2)
  21 wolf spiders
  37 ugly things
  5 cyclopes
  36 deep elf magi
  A moth of wrath (Spider:2)
  A centaur zombie (D:13)
  4 ice statues (IceCv)
  A torpor snail (shapeshifter) (D:15)
  4 black mambas
  5 torpor snails
  3 gargoyles
  5 vault sentinels
  27 spiny frogs
  2 rime drakes (Lair:4)
  2 human zombies (Vaults:4)
  35 yaktaurs
  6 demonic crawlers
  A rime drake (shapeshifter) (Vaults:4)
  2 anaconda simulacra (IceCv)
  5 freezing wraiths
  5 kobold demonologists
  12 ice devils (IceCv)
  An efreet (D:13)
  7 komodo dragons
  A golden dragon simulacrum (IceCv)
  A guardian mummy (Vaults:1)
  2 hydra zombies (Swamp:4)
  9 jumping spiders
  A death drake zombie (Swamp:4)
  A polar bear (Lair:5)
  9 tyrant leeches
  18 hornets
  2 tengu simulacra
  8 trolls
  2 death drake skeletons (Swamp:4)
  2 hydra skeletons (Swamp:4)
  32 slime creatures
  21 dream sheep
  31 blink frogs
  A hippogriff (shapeshifter) (D:14)
  13 hippogriffs
  8 bog bodies
  A shadow (D:11)
  35 redbacks
  4 vampires
  4 water elementals
  A fire dragon skeleton (Crypt:1)
  5 tarantellas
  3 wyverns
  17 yaks
  Eustachio (D:6)
  4 fire elementals
  2 hogs
  2 basilisks
  6 humans (D:13)
  8 hungry ghosts
  A yaktaur simulacrum (Vaults:2)
  20 vampire mosquitoes
  A harpy simulacrum (IceCv)
  3 iron troll simulacra (IceCv)
  21 soldier ants
  7 wargs
  26 insubstantial wisps
  4 acid dragons
  6 hydra simulacra
  5 hell hounds
  12 porcupines
  5 water moccasins
  Duvessa (D:7)
  19 swamp worms
  9 swamp drakes
  48 orc warriors
  5 black bears
  4 sky beasts
  A black bear (shapeshifter) (Vaults:1)
  7 ice beasts
  A hornet zombie (D:12)
  2 phantoms
  6 wolves
  4 boggarts
  3 eyes of draining
  A swamp dragon zombie (Swamp:4)
  12 centaurs
  32 ogres
  17 crocodiles
  11 big kobolds
  A big kobold (shapeshifter) (Vaults:1)
  28 bullfrogs
  An elf zombie (Ossuary)
  2 gnoll sergeants
  A wyvern zombie (D:7)
  A wyvern skeleton (D:11)
  6 scorpions
  Dowan (D:7)
  A killer bee (D:10)
  4 electric eels
  6 howler monkeys
  7 crimson imps
  2 quasits (D:13)
  5 centaur skeletons
  7 hounds
  23 orc priests
  9 jellies
  21 orc wizards
  Crazy Yiuf (D:6)
  3 iguanas
  30 worker ants
  A killer bee zombie (D:10)
  A hound zombie (D:9)
  A hound skeleton (D:4)
  4 mummies
  19 adders
  9 gnolls
  A howler monkey skeleton (D:8)
  5 shadow imps
  An ooze (D:2)
  An adder skeleton (D:9)
  2 adder zombies (Ossuary)
  4 worms
  2 dart slugs
  3 leopard geckos
  104 orcs
  3 ball pythons
  7 giant cockroaches
  14 goblins
  14 hobgoblins
  24 jackals
  5 quokkas
  6 bats
  6 frilled lizards
  A giant cockroach zombie (D:5)
  6 goblin zombies
  2 hobgoblin zombies
  A jackal zombie (D:7)
  22 kobolds
  2 kobold skeletons (D:8)
  3 kobold zombies
  An orc skeleton (D:8)
  An orc zombie (D:5)
  3 quokka zombies (Ossuary)
  8 rats
  6 rat zombies (Ossuary)
  2 fungi
1527 creatures vanquished.

Vanquished Creatures (collateral kills)
  Saint Roka (Orc:2)
  A deep elf master archer (Elf:3)
  A thorn hunter (Swamp:4)
  4 ghost moths (Spider:4)
  A vault warden (Vaults:3)
  A deep elf elementalist (Elf:3)
  2 ironheart preservers
  An entropy weaver (Spider:1)
  3 very ugly things
  2 stone giants (D:15)
  A yaktaur captain (Vaults:4)
  A hydra (Swamp:4)
  An ice dragon (Vaults:3)
  3 shambling mangroves (Swamp:4)
  A death knight (Vaults:3)
  An alligator (Swamp:2)
  10 two-headed ogres
  2 deep troll shamans
  6 ogre magi
  2 deep elf knights
  2 spriggan druids (Swamp:4)
  4 skeletal warriors
  A wizard (Vaults:3)
  A swamp dragon (Swamp:4)
  2 necromancers
  3 deep trolls
  2 deep elf archers (Vaults:4)
  3 harpies (Vaults:1)
  3 ironbrand convokers
  5 deep elf magi
  15 wolf spiders
  An orc knight (Vaults:1)
  A cyclops (D:14)
  12 orb spiders
  An orc sorcerer (Elf:2)
  2 oklob plants (Swamp:4)
  8 ugly things
  A black mamba (Lair:6)
  2 spiny frogs (Lair:6)
  5 demonic crawlers
  5 yaktaurs
  A hydra zombie (Swamp:4)
  3 tyrant leeches
  16 jumping spiders
  8 hornets
  2 slime creatures
  39 redbacks
  A spriggan (Swamp:2)
  20 tarantellas
  7 vampire mosquitoes
  An insubstantial wisp (Swamp:1)
  A yaktaur simulacrum (Vaults:4)
  A warg (Elf:2)
  2 hydra simulacra (Swamp:4)
  A swamp drake (Swamp:4)
  3 orc warriors
  A boggart (D:15)
  7 ogres
  A crocodile (Lair:6)
  2 big kobolds (D:13)
  2 electric eels
  2 orc priests
  2 orc wizards
  10 orcs
257 creatures vanquished.

Vanquished Creatures (others)
  Nikola (Swamp:1)
  A fire giant (Vaults:3)
  A centaur warrior (D:14)
  A deep troll (D:15)
  A flayed ghost (Swamp:4)
  A tyrant leech (Swamp:1)
  A hornet (Swamp:1)
  A human (D:13)
  A slave (D:7)
  2 boggarts (Depths:1)
  An orc wizard (Orc:1)
  3 orcs
  9 fungi (Lair:6)
  69 plants
93 creatures vanquished.

Grand Total: 1877 creatures vanquished

Notes
Turn   | Place    | Note
-------+----------+-------------------------------------------
     0 | D:1      | jt the Vine Stalker Fighter began the quest for the Orb.
     0 | D:1      | Reached XP level 1. HP: 11/11 MP: 2/2
     0 | D:1      | Noticed a minotaur skeleton
    18 | D:1      | Noticed a minotaur skeleton
    97 | D:1      | Reached XP level 2. HP: 14/16 MP: 3/3
   532 | D:1      | Reached XP level 3. HP: 19/19 MP: 4/4
   814 | D:2      | Found a faded altar of an unknown god.
  1051 | D:2      | Gained mutation: Your natural rate of healing is unusually
                  | fast. [Vine Stalker growth]
  1051 | D:2      | Reached XP level 4. HP: 22/24 MP: 3/5
  1156 | D:2      | Found a shimmering altar of Xom.
  1389 | D:2      | Found a hazy altar of Hepliaklqana.
  1740 | D:3      | Reached XP level 5. HP: 26/29 MP: 4/6
  2274 | D:4      | Found an iron altar of Okawaru.
  2413 | D:4      | Noticed an ogre
  2481 | D:4      | Killed an ogre
  2481 | D:4      | Reached XP level 6. HP: 20/34 MP: 3/7
  2650 | D:4      | Found a glowing silver altar of Zin.
  3094 | D:4      | Reached skill level 5 in Fighting
  3174 | D:5      | Entered Level 5 of the Dungeon
  3206 | D:5      | Reached XP level 7. HP: 39/39 MP: 8/8
  3276 | D:5      | Found Uwkoukh's Jewellery Shop.
  3310 | D:5      | Found a sand-covered staircase.
  3347 | Ossuary  | Entered an ossuary
  3375 | Ossuary  | Reached skill level 5 in Short Blades
  3701 | D:5      | Got a thick robe
  3708 | D:5      | Identified the +1 robe of the Hunter {rN+ Regen+ Dex+4}
                  | (You found it on level 5 of the Dungeon)
  3846 | D:5      | Gained mutation: You have razor-sharp teeth. [Vine Stalker
                  | growth]
  3846 | D:5      | Reached XP level 8. HP: 39/44 MP: 9/9
  3899 | D:5      | Found a hide-covered altar of Uskayaw.
  4179 | D:5      | Found a staircase to the Ecumenical Temple.
  4191 | Temple   | Entered the Ecumenical Temple
  4224 | Temple   | Became a worshipper of Kikubaaqudgha
  4533 | D:5      | Found an ornate altar of the Wu Jian Council.
  4610 | D:6      | Noticed Eustachio
  4736 | D:6      | Killed Eustachio
  4923 | D:6      | Found Yfiduem's Gadget Boutique.
  4948 | D:6      | Bought a wand of iceblast (10) for 182 gold pieces
  5114 | D:6      | Reached XP level 9. HP: 50/50 MP: 10/10
  5549 | D:6      | Found a runed translucent door.
  5550 | D:6      | Noticed Crazy Yiuf
  5599 | D:7      | Reached * piety under Kikubaaqudgha
  5599 | D:7      | Identified Kikubaaqudgha's Papyrus of Evil (Kikubaaqudgha
                  | gifted it to you on level 7 of the Dungeon)
  5599 | D:7      | Received a gift from Kikubaaqudgha
  5714 | D:7      | Noticed Pikel
  5743 | D:6      | Killed Pikel
  6184 | D:7      | Noticed Dowan
  6192 | D:7      | Killed Dowan
  6240 | D:7      | Reached XP level 10. HP: 57/57 MP: 14/16
  6247 | D:7      | Reached ** piety under Kikubaaqudgha
  6411 | D:7      | Noticed Duvessa
  6431 | D:7      | Killed Duvessa
  6660 | D:6      | Bought a wand of acid (5) for 234 gold pieces
  6748 | D:6      | Killed Crazy Yiuf
  6973 | D:8      | Reached skill level 1 in Evocations
  7205 | D:8      | Found a staircase to the Lair.
  7228 | D:8      | Found a glowing golden altar of the Shining One.
  7700 | D:8      | Reached *** piety under Kikubaaqudgha
  7700 | D:8      | Identified Kikubaaqudgha's Disquisition on Dark Secrets
                  | (Kikubaaqudgha gifted it to you on level 8 of the Dungeon)
  7700 | D:8      | Received a gift from Kikubaaqudgha
  7708 | D:8      | Learned a level 2 spell: Corpse Rot
  7737 | D:9      | Reached skill level 5 in Shields
  7930 | D:9      | Noticed a two-headed ogre
  7947 | D:9      | Killed a two-headed ogre
  7983 | D:9      | Found an opulent altar of Gozag.
  8147 | D:9      | Reached XP level 11. HP: 59/62 MP: 16/18
  8458 | D:9      | Found a shimmering blue altar of Sif Muna.
  8490 | D:9      | Gained mutation: You are robust. (+10% HP) [potion of
                  | mutation]
  8490 | D:9      | Gained mutation: Your system is resistant to poisons.
                  | (rPois) [potion of mutation]
  8531 | D:9      | Reached **** piety under Kikubaaqudgha
  8588 | D:10     | Entered Level 10 of the Dungeon
  8588 | D:10     | Noticed a two-headed ogre
  8598 | D:10     | Killed a two-headed ogre
  8988 | D:10     | Reached skill level 10 in Fighting
  9898 | D:11     | Reached skill level 10 in Short Blades
 10085 | D:11     | Reached skill level 5 in Evocations
 10638 | D:11     | Got an ichor-stained robe
 10640 | D:11     | Identified the cursed +1 robe "Moeluh" {*Corrode Int+8
                  | Dex+3} (You found it on level 11 of the Dungeon)
 10679 | D:11     | Reached ***** piety under Kikubaaqudgha
 11645 | D:6      | Bought a wand of clouds (7) for 429 gold pieces
 11701 | Lair:1   | Entered Level 1 of the Lair of Beasts
 11814 | Lair:1   | Gained mutation: You heal very quickly. [Vine Stalker
                  | growth]
 11814 | Lair:1   | Reached XP level 12. HP: 73/73 MP: 19/19
 11891 | Lair:1   | Got a twisted robe
 11892 | Lair:1   | Identified the +1 robe of Grace {*Contam Str+6 Dex+5} (You
                  | found it on level 1 of the Lair of Beasts)
 12627 | Lair:2   | Got a scintillating tin ring
 12628 | Lair:2   | Identified the ring of Wisdom {rC+ rN+ Int+2 Stlth-} (You
                  | found it on level 2 of the Lair of Beasts)
 12986 | Lair:2   | Reached skill level 10 in Shields
 13195 | Lair:2   | Noticed a queen ant
 13227 | Lair:2   | Killed a queen ant
 14195 | D:9      | Noticed a three-headed hydra
 14200 | D:9      | Killed a one-headed hydra
 15185 | Lair:3   | Found a snail-covered altar of Cheibriados.
 15909 | Lair:4   | Found a hole to the Spider Nest.
 15947 | Lair:4   | Noticed Nergalle
 15973 | Lair:4   | Killed Nergalle
 16105 | Lair:4   | Reached XP level 13. HP: 78/79 MP: 20/20
 16107 | Lair:4   | Reached ****** piety under Kikubaaqudgha
 16855 | Lair:4   | Found a staircase to the Swamp.
 17524 | Lair:5   | HP: 3/79 [three-headed hydra (2)]
 17679 | Lair:5   | Identified the cursed -4 kite shield of Decompression {rC+
                  | rCorr Slay-6} (You found it on level 5 of the Lair of
                  | Beasts)
 18267 | Lair:6   | Entered Level 6 of the Lair of Beasts
 18338 | Lair:5   | Reached skill level 1 in Necromancy
 18546 | Lair:6   | Reached skill level 2 in Necromancy
 18726 | Lair:6   | Reached skill level 3 in Necromancy
 18909 | Lair:6   | Reached XP level 14. HP: 75/84 MP: 21/21
 18986 | Lair:6   | Reached skill level 4 in Necromancy
 19001 | Lair:6   | Reached skill level 15 in Shields
 19324 | Lair:6   | Reached skill level 5 in Necromancy
 19402 | Lair:6   | Learned a level 1 spell: Animate Skeleton
 19404 | Lair:6   | Learned a level 1 spell: Pain
 19883 | Lair:6   | Reached skill level 6 in Necromancy
 19914 | Lair:6   | Reached skill level 1 in Air Magic
 20751 | Lair:6   | Found a staircase to the Slime Pits.
 21067 | Swamp:1  | Entered Level 1 of the Swamp
 21315 | Swamp:1  | Noticed Nikola
 21340 | Swamp:1  | Killed Nikola
 21757 | Swamp:1  | Reached skill level 7 in Necromancy
 22896 | Swamp:2  | Learned a level 3 spell: Vampiric Draining
 22962 | Swamp:2  | Reached XP level 15. HP: 44/88 MP: 22/22
 23617 | Swamp:2  | Identified Roxanne's Disquisition on Clay
 23617 | Swamp:2  | Noticed Roxanne
 23735 | Swamp:2  | Reached skill level 5 in Armour
 24428 | D:5      | Bought the ring of Satyriasis {rC+ MR+} for 451 gold pieces
 24604 | D:12     | Reached skill level 5 in Air Magic
 24632 | D:12     | Reached skill level 8 in Necromancy
 24886 | D:12     | Noticed Kirke
 24987 | D:11     | Killed Kirke
 24987 | D:11     | Reached skill level 9 in Necromancy
 25079 | D:12     | Found a staircase to the Orcish Mines.
 25152 | D:12     | Found a roughly hewn altar of Beogh.
 25471 | D:12     | Found Toecsim's Assorted Antiques.
 25605 | Orc:1    | Entered Level 1 of the Orcish Mines
 25737 | D:12     | Reached skill level 1 in Dodging
 25889 | Orc:2    | Entered Level 2 of the Orcish Mines
 26087 | Orc:2    | Found a roughly hewn altar of Beogh.
 26202 | Orc:2    | Found Tiruq's Magic Scroll Boutique.
 26275 | Orc:2    | Found a staircase to the Elven Halls.
 26336 | Orc:2    | Noticed Azrael
 26356 | Orc:2    | Noticed Jorgrun
 26945 | Swamp:3  | Found a runed translucent door.
 27095 | Swamp:3  | Reached skill level 10 in Necromancy
 27914 | Swamp:4  | Entered Level 4 of the Swamp
 27916 | Swamp:4  | Noticed a thorn hunter
 28233 | Swamp:4  | Killed a thorn hunter
 28311 | Swamp:4  | Learned a level 4 spell: Animate Dead
 28598 | Swamp:4  | Reached skill level 5 in Spellcasting
 28620 | Swamp:4  | Reached skill level 11 in Necromancy
 28848 | Swamp:4  | Learned a level 4 spell: Dispel Undead
 29043 | Swamp:4  | HP: 4/88 [swamp worm (14)]
 29044 | Swamp:4  | Reached XP level 16. HP: 4/93 MP: 1/25
 29707 | Swamp:4  | Noticed a thorn hunter
 29722 | Swamp:4  | Killed a thorn hunter
 29773 | Swamp:4  | Found a basalt altar of Yredelemnul.
 30019 | Swamp:4  | Found a blossoming altar of Fedhas.
 30288 | Swamp:4  | Reached skill level 12 in Necromancy
 30315 | Swamp:4  | Got a decaying rune of Zot
 30860 | D:6      | Bought a wand of iceblast (9) for 169 gold pieces
 30860 | D:6      | Bought a wand of iceblast (7) for 143 gold pieces
 31039 | D:13     | Found a runed translucent gate.
 31047 | D:13     | Found a runed translucent gate.
 31048 | D:13     | Found a runed translucent gate.
 31049 | D:13     | Identified the cursed +1 dagger of Gallantry {drain, +Fly}
 31049 | D:13     | Noticed Kudimes's ghost (journeyman HOFi)
 31050 | D:13     | Identified the +10 dagger "Uwasiw" {pain, Str+3}
 31073 | D:13     | Killed Kudimes's ghost
 31203 | D:13     | Found Deaggupt's Distillery.
 31225 | D:13     | Bought 2 potions of magic for 224 gold pieces
 31342 | D:13     | Noticed Erolcha
 31351 | D:13     | Killed Erolcha
 32084 | D:13     | Identified the +6 arbalest "Xyleraf" {elec, Str+7}
 32117 | D:13     | Reached skill level 13 in Necromancy
 32147 | D:13     | Found a gate to the Vaults.
 32161 | Vaults:1 | Entered Level 1 of the Vaults
 32274 | Vaults:1 | Identified a scroll of acquirement
 32281 | Vaults:1 | Identified the amulet of Molle {Regen+ Dex+3} (You acquired
                  | it on level 1 of the Vaults)
 32479 | Vaults:1 | Reached skill level 10 in Spellcasting
 32532 | Vaults:1 | Found a portal to a secret trove of treasure.
 32541 | Vaults:1 | Reached XP level 17. HP: 97/97 MP: 32/32
 32842 | Vaults:1 | Reached skill level 14 in Necromancy
 34219 | Vaults:2 | Reached skill level 15 in Necromancy
 34704 | Vaults:2 | Reached XP level 18. HP: 91/102 MP: 35/35
 34980 | Vaults:2 | Found Jitethrint's Book Shop.
 35575 | Vaults:2 | Found a staircase to the Crypt.
 36223 | Vaults:3 | Learned a level 2 spell: Blink
 36230 | Vaults:3 | Learned a level 6 spell: Death Channel
 36502 | Vaults:3 | Reached skill level 1 in Translocations
 36510 | Vaults:3 | Reached skill level 16 in Necromancy
 37827 | Vaults:3 | HP: 3/105 [fire giant/fireball (24)]
 37827 | Vaults:3 | Reached XP level 19. HP: 3/110 MP: 1/37
 38125 | Vaults:4 | Learned a level 5 spell: Borgnjor's Vile Clutch
 38272 | Vaults:4 | Reached skill level 1 in Earth Magic
 38599 | Vaults:4 | Reached skill level 5 in Translocations
 39829 | Spider:1 | Entered Level 1 of the Spider Nest
 39856 | Spider:1 | Found a frozen archway.
 39894 | IceCv    | Entered an ice cave
 40462 | IceCv    | Found the +7 Spriggan's Knife {stab, EV+4 Stlth+}
 40484 | IceCv    | Got an iridescent dagger
 40500 | IceCv    | Identified the +5 dagger of the Key {vorpal, rC- Dex+3}
                  | (You found it in an ice cave)
 40662 | Spider:1 | Noticed Donald
 40678 | Spider:1 | Killed Donald
 40848 | Spider:1 | You fall into a shaft and drop 1 floor!
 40898 | Spider:2 | Reached skill level 17 in Necromancy
 41081 | Spider:2 | Identified the cursed +0 hand crossbow "Juce" {venom, rF+
                  | Str+5} (You found it on level 2 of the Spider Nest)
 41906 | Spider:3 | Reached XP level 20. HP: 88/118 MP: 39/39
 42005 | Spider:3 | Reached skill level 15 in Spellcasting
 42012 | Spider:3 | Noticed Aizul
 42022 | Spider:3 | Killed Aizul
 42064 | Spider:3 | Found a runed translucent gate.
 42064 | Spider:3 | Found a runed translucent gate.
 42064 | Spider:3 | Found a runed translucent gate.
 42064 | Spider:3 | Noticed Oferehae's ghost (journeyman DgEE)
 42079 | Spider:3 | Killed Oferehae's ghost
 42177 | Spider:3 | Noticed Louise
 42178 | Spider:3 | Identified the amulet of Atheism {Inacc rElec} (You found
                  | it on level 3 of the Spider Nest)
 42208 | Spider:3 | Killed Louise
 42208 | Spider:3 | Reached skill level 1 in Stealth
 42244 | Spider:3 | Noticed Arachne
 42265 | Spider:3 | Killed Arachne
 42601 | Spider:4 | Entered Level 4 of the Spider Nest
 43070 | Spider:4 | Reached skill level 5 in Stealth
 43244 | Spider:4 | Got a gossamer rune of Zot
 43910 | D:14     | Noticed Snorg
 43920 | D:14     | Killed Snorg
 43946 | D:14     | Found a radiant altar of Vehumet.
 44481 | D:15     | Entered Level 15 of the Dungeon
 45054 | D:15     | Found a staircase to the Depths.
 45707 | Depths:1 | Entered Level 1 of the Depths
 45707 | Depths:1 | Noticed Sojobo
 46065 | Crypt:1  | Entered Level 1 of the Crypt
 46382 | Orc:1    | Killed Jorgrun
 46393 | Orc:1    | Learned a level 2 spell: Call Imp
 46430 | Orc:2    | Killed Azrael
 46430 | Orc:2    | Reached skill level 5 in Earth Magic
 46475 | Orc:2    | Noticed Saint Roka
 46514 | Orc:2    | Killed Saint Roka
 46582 | Orc:2    | Found a roughly hewn altar of Beogh.
 46808 | Orc:2    | Noticed Rupert
 46826 | Orc:2    | Killed Rupert
 46826 | Orc:2    | Reached skill level 15 in Fighting
 46849 | Orc:2    | Found a roughly hewn altar of Beogh.
 46878 | Orc:2    | Found a roughly hewn altar of Beogh.
 47165 | Orc:1    | Noticed Erica
 47177 | Orc:1    | Noticed Urug
 47183 | Orc:1    | Killed Erica
 47183 | Orc:1    | Reached skill level 1 in Summonings
 47275 | Orc:1    | Killed Urug
 47275 | Orc:1    | Reached XP level 21. HP: 125/128 MP: 31/41
 47696 | Orc:2    | Found Vouruit's Antique Armour Shoppe.
 47699 | Orc:2    | Found a roughly hewn altar of Beogh.
 47701 | Orc:2    | Found Xein's Antique Weapon Emporium.
 47722 | Orc:2    | Bought a pair of pitted gloves for 332 gold pieces
 47732 | Orc:2    | Identified the cursed -5 pair of gloves "Teetyot" {rPois
                  | rC- MP+9} (You bought it in a shop on level 2 of the Orcish
                  | Mines)
 47735 | Orc:2    | Bought a runed scarf for 280 gold pieces
 47811 | Orc:2    | Found a roughly hewn altar of Beogh.
 47812 | Orc:2    | Found Reojasm's Weapon Boutique.
 47950 | Elf:1    | Entered Level 1 of the Elven Halls
 48246 | Elf:1    | Identified a +7 quick blade of pain (a +5 quick blade
                  | bloodied by Kikubaaqudgha)
 48246 | Elf:1    | Received a gift from Kikubaaqudgha
 48382 | D:12     | Learned a level 4 spell: Leda's Liquefaction
 48479 | Elf:1    | Reached skill level 1 in Hexes
 49520 | Elf:2    | Found a large runed translucent door.
 49520 | Elf:2    | Found a large runed translucent door.
 49542 | Elf:2    | Found a large runed translucent door.
 49542 | Elf:2    | Found a large runed translucent door.
 49738 | Elf:3    | Entered Level 3 of the Elven Halls
 50057 | Elf:3    | Reached skill level 5 in Hexes
 50225 | Elf:3    | Found Qul Duyhis's Antique Armour Emporium.
 50272 | Elf:3    | Bought a faintly humming hat for 216 gold pieces
 50272 | Elf:3    | Identified the +0 hat of Love and Death {+Inv Dex+4 Stlth-}
                  | (You bought it in a shop on level 3 of the Elven Halls)
 50287 | Elf:3    | Bought a pair of runed boots for 180 gold pieces
 50428 | Elf:3    | Found a radiant altar of Vehumet.
 50733 | Elf:3    | Identified the +8 plate armour of Qissaef {rN+ Int+4
                  | Slay-5}
 50733 | Elf:3    | Identified the ring "Guarob" {rElec rN+}
 50822 | Elf:3    | Identified the amulet of Toatuhit {RegenMP rF+ Int+4
                  | Slay+3}
 51111 | Elf:3    | Identified the +1 leather armour of the Mind {rC+ MR+
                  | rCorr} (You found it on level 3 of the Elven Halls)
 51933 | D:15     | Learned a level 3 spell: Recall
 51985 | D:15     | Killed Sojobo
 52178 | D:15     | Reached XP level 22. HP: 69/137 MP: 34/43
 52304 | Depths:1 | Paralysed by a floating eye for 4 turns
 52306 | Depths:1 | HP: 3/137 [fire giant/+2 great sword of flaming[a glowing
                  | orange brain] (4)]
 52306 | Depths:1 | Killed from afar by a tengu reaver

Levels and vault maps discovered:
D:1:      shiori_arrival_whats_in_store_for_you, layout_rooms, minmay_vboxes
D:2:      layout_loops_ring, lemuel_coloured_pillars_altar, xom_teletrap_fun,
          chequers_ecumenical_altar_simple_redux
D:3:      layout_basic, first_ration
D:4:      cheibrodos_barr_body, layout_basic, okawaru_ov_weapons_minmay,
          old_standard_altar, serial_park_tiny_pond
D:5:      corexii_shack_village, layout_rooms, kennysheep_little_box,
          marbit_many_paths, minmay_temple_entry_poolview, serial_curves,
          eino_curves_01, eino_curves_01, nicolae_ossuary_entry_giza,
          serial_shops, shop_fountains
D:6:      layout_basic, serial_shops, shop_coins, minmay_strange_pillars,
          uniq_crazy_yiuf_cottage, uniq_eustachio
D:7:      minmay_bubble_buster, layout_basic, uniq_pikel, uniq_duvessa
D:8:      layout_basic, nicolae_tso_besieged_by_evil, dpeg_oklobed_lair
D:9:      layout_gridville, old_standard_altar, lemuel_blue_sif_altar,
          hangedman_ranch [blue_anna_fruit_fields]
D:10:     kennysheep_ambush_hall, layout_long_grid
D:11:     minmay_goldmine, layout_layer_cave, kennysheep_generic_room_6
D:12:     layout_rooms, minmay_orc_entry_temple_small, serial_shops,
          kennysheep_mini, uniq_kirke
D:13:     layout_roguey, ximxim_vaults_locker_room, serial_shops,
          nicolae_shop_temple_entry_statues_fountains,
          gammafunk_ghost_nasty_kobolds, uniq_erolcha
D:14:     layout_roguey, serial_bayou_pond_a, serial_curves, eino_curves_02,
          eino_curves_01, david_defended_altar_elf, uniq_snorg
D:15:     hangedman_depths_entry_civil_slaughter, layout_loops_ring,
          serial_co_window_serial, co_window_of_opportunity_a,
          co_window_paths_b, co_window_paths_a, co_window_corner_a,
          co_window_paths_a, co_window_of_opportunity_a, co_window_corner_a,
          co_window_corner_b, co_window_unsneaky_path_a, co_window_broadway_c,
          co_window_sun, glass_columns_a, glass_columns_a, glass_columns_b
Temple:   cyrus_circular_temple
Lair:1:   layout_hall_layers, hibernation_bobbens
Lair:2:   layout_layer_cave, minivault_29
Lair:3:   layout_gridlike, chequers_serial_rivers_small_a,
          kennysheep_snail_temple
Lair:4:   layout_regular_city, palyth_hydra_swamp_entry,
          spider_nest_entry_web_field, uniq_nergalle
Lair:5:   layout_regular_city, hangedman_lair_generics_rect
Lair:6:   minmay_lair_end_frog_pond, layout_layer_cave, dpeg_slime_entry_corner,
          minmay_lindwurm_lava
Swamp:1:  layout_basic_swamp, evilmike_swamp_ruin_rubble_2, uniq_nikola
Swamp:2:  layout_basic_swamp, evilmike_swamp_ruin_house_3, uniq_roxanne
Swamp:3:  gammafunk_mikee_crab_dinner, layout_falls_marsh,
          evilmike_swamp_ruin_rubble_1, swamp_pool3, infiniplex_staircase_pool_2
Swamp:4:  byrel_swamp_growth_death_and_undeath, layout_basic_swamp
Spider:1: layout_spider_delve, portal_ice_cave_entry_ugly_swarm,
          guppyfry_hornet_nest, uniq_donald
Spider:2: layout_spider_delve
Spider:3: layout_spider_delve, ebering_ghost_rock_garden, drop_trap,
          uniq_louise, uniq_aizul, uniq_arachne
Spider:4: spider_rune_water, drop_trap, nicolae_spider_cling_ruins
Orc:1:    layout_caves, uniq_erica, uniq_urug
Orc:2:    grunt_orc_community_town_hall, layout_caves,
          grunt_orc_community_big_house_2, grunt_orc_community_big_house_1,
          grunt_orc_community_house_1, grunt_orc_community_house_1,
          grunt_orc_community_house_2, grunt_orc_community_house_3,
          uniq_jorgrun, uniq_rupert, uniq_saint_roka, uniq_azrael
Elf:1:    layout_geoelf_octagon, hangedman_elf_disciples
Elf:2:    layout_geoelf_octagon, due_unseen_surprise
Elf:3:    grunt_elf_hall_asides, layout_loops_corners, serial_shops,
          nicolae_shop_overgrown_old_shop, basic_altar, corexii_checkpoint_a,
          st_stairs_10
Vaults:1: v_misc_10, vaults_room_stairs_pillars,
          nicolae_vaults_yaktaur_gun_rack, v_misc_10, st_lines,
          vaults_room_door_hall, grunt_vaults_diagonal,
          nicolae_vaults_gold_heap, nicolae_vaults_border_crossing,
          vaults_room_grunt_arrival_ludios, nicolae_vaults_little_squares_3,
          layout_vaults_big_room, nicolae_trove_entry_path_of_doom
Vaults:2: minmay_crypt_entry_vampire_xt, nicolae_vaults_bisected_exclaves,
          vaults_room_fours, vaults_dpeg_cross, grunt_vaults_twisty, v_misc_22,
          serial_ice_b, ontoclasm_vaults_chip, nicolae_vaults_three_branches,
          vaults_dpeg_ring, vaults_room_door_ring, layout_vaults_omnigrid,
          serial_shops, shop
Vaults:3: hangedman_vaults_hat, v_misc_26, hangedman_vaults_pinch,
          ontoclasm_vaults_decontamination, hangedman_vaults_maws,
          nicolae_vaults_network_barrier, vaults_room_hallway, v_misc_19,
          v_misc_29, layout_vaults_omnicross
Vaults:4: vaults_room_ringed_pool, ontoclasm_vaults_ligature,
          ontoclasm_vaults_bender, v_misc_3, vaults_room_pool,
          ontoclasm_vaults_twist, v_misc_10, hangedman_vaults_maws,
          vaults_room_pool, v_rooms_2, v_alt_pattern_3, v_misc_22,
          vaults_room_door_ring, v_pattern_1, nicolae_vaults_little_squares_4,
          layout_vaults_omnibox
Crypt:1:  layout_catacombs, ebering_ghost_rock_garden, minivault_14,
          st_stairs_7, uniq_xtahua
Depths:1: layout_roguey, kennysheep_decorative_pillar, pf_coc_iceberg,
          corexii_leaking_fountain, minmay_misc_feat_secret_circle,
          evilmike_ambush [evilmike_ambush_outer_basic,
          evilmike_ambush_inner_pond], uniq_sojobo, uniq_mara

Skill      XL: |  1  2  3  4  5  6  7  8  9 10 11 12 13 14 15 16 17 18 19 20 21 |
---------------+----------------------------------------------------------------+-----
Shields        | 3 4 5 8 12 14 15 | 15.0
Short Blades   | 2 3 4 5 7 8 9 10 | 10.0
Fighting       | 3 4 5 6 7 8 9 10 11 12 15 16 | 16.5
Spellcasting   | 3 4 5 10 12 13 14 15 16 | 16.0
Evocations     | 3 5 7 8 |  8.0
Necromancy     | 3 7 11 13 15 16 17 | 17.2
Armour         | 4 5 |  5.0
Air Magic      | 4 5 |  5.0
Dodging        | 4 |  4.0
Translocations | 3 5 |  5.0
Earth Magic    | 4 6 |  6.0
Stealth        | 5 |  5.0
Summonings     | 1 4 |  4.0
Hexes          | 6 |  6.0

Action                   |  1- 3 |  4- 6 |  7- 9 | 10-12 | 13-15 | 16-18 | 19-21 | 22-24 || total
-------------------------+-------+-------+-------+-------+-------+-------+-------+-------++-------
Melee: Rapier            |   112 |       |       |       |       |       |       |       ||   112
       Bite              |    31 |    68 |   147 |   748 |  1514 |   695 |   726 |     3 ||  3932
       Dagger            |    11 |   230 |   440 |  1833 |  3592 |  1407 |   898 |       ||  8411
       Falchion          |       |       |       |     9 |   247 |   144 |       |       ||   400
       Unarmed           |       |       |       |       |     5 |       |       |       ||     5
       Knife             |       |       |       |       |       |       |   572 |     6 ||   578
       Double sword      |       |       |       |       |       |       |    14 |       ||    14
       Quick blade       |       |       |       |       |       |       |   370 |     2 ||   372
 Fire: Hunting sling     |       |       |    15 |       |       |       |       |       ||    15
       Hand crossbow     |       |       |       |     1 |       |       |       |       ||     1
       Fustibalus        |       |       |       |       |    12 |       |       |       ||    12
Throw: Stone             |     1 |     2 |       |       |       |       |       |       ||     3
       Dart              |       |     4 |    31 |    36 |     8 |     4 |     1 |       ||    84
       Boomerang         |       |       |    14 |    39 |    81 |    11 |     3 |       ||   148
 Cast: Animate Skeleton  |       |       |       |       |    20 |     2 |       |       ||    22
       Pain              |       |       |       |       |    61 |    14 |    14 |       ||    89
       Animate Dead      |       |       |       |       |     6 |    75 |    90 |     1 ||   172
       Dispel Undead     |       |       |       |       |     2 |    24 |    21 |       ||    47
       Vampiric Draining |       |       |       |       |     2 |       |     3 |       ||     5
       Corpse Rot        |       |       |       |       |     1 |     4 |       |       ||     5
       Death Channel     |       |       |       |       |       |    11 |    84 |     1 ||    96
       Blink             |       |       |       |       |       |     1 |     4 |       ||     5
       Borgnjor's Vile C |       |       |       |       |       |       |    40 |       ||    40
       Call Imp          |       |       |       |       |       |       |     4 |       ||     4
       Leda's Liquefacti |       |       |       |       |       |       |     6 |       ||     6
Invok: Receive Corpses   |       |       |       |       |     2 |    16 |     3 |       ||    21
       Brand Weapon With |       |       |       |       |       |       |     1 |       ||     1
 Abil: Evoke Invisibilit |       |       |       |       |       |       |     4 |     1 ||     5
Evoke: Wand              |       |       |     1 |    16 |    69 |    17 |    17 |       ||   120
  Use: Scroll            |     1 |     3 |    16 |     6 |    12 |     8 |    15 |       ||    61
       Potion            |       |       |    10 |     4 |     5 |     7 |     5 |       ||    31
 Stab: Paralysed         |       |       |       |     2 |    11 |       |       |       ||    13
       Confused          |       |       |       |     1 |     3 |       |       |       ||     4
       Distracted        |       |       |       |       |     2 |    16 |    11 |       ||    29
       Invisible         |       |       |       |       |       |     6 |     1 |       ||     7
       Sleeping          |       |       |       |       |       |       |    66 |     2 ||    68
  Eat: Chunk             |     1 |     3 |     9 |    42 |    25 |    32 |    59 |       ||   171
       Ration            |       |     1 |     1 |     1 |     6 |     5 |     9 |       ||    23
Armor: Scale mail        |    60 |    56 |    83 |       |       |       |       |       ||   199
       Skin              |       |       |     4 |       |       |       |       |       ||     4
       Chain mail        |       |       |    72 |   386 |   631 |    42 |       |       ||  1131
       Swamp dragon scal |       |       |       |       |       |   239 |   308 |     3 ||   550
Dodge: Dodged            |    33 |    40 |   123 |   181 |   504 |   398 |   632 |     2 ||  1913
Block: Kite shield       |    62 |    84 |   156 |   458 |  1271 |   634 |   861 |     6 ||  3532
       Reflection        |       |       |       |       |       |       |    30 |     2 ||    32
       Rpst.: Falchion   |       |       |       |       |    11 |    13 |       |       ||    24
       Double sword      |       |       |       |       |       |       |     3 |       ||     3

Table legend:
 A = Non-vault XP
 B = Vault XP
 C = Vault XP percentage of total XP
 D = Non-vault monster count
 E = Vault monster count
 F = Vault count percentage of total count
                 A         B        C        D         E       F
            +---------+---------+-------+---------+---------+-------
      Total |  332405 |  265873 |  44.4 |    1188 |     600 |  33.6
            +---------+---------+-------+---------+---------+-------
        D:1 |      39 |       3 |   7.1 |      25 |       2 |   7.4
        D:2 |      59 |       0 |   0.0 |      29 |       0 |   0.0
        D:3 |     143 |       0 |   0.0 |      27 |       0 |   0.0
        D:4 |     179 |     157 |  46.7 |       6 |       6 |  50.0
        D:5 |     970 |      46 |   4.5 |      27 |      15 |  35.7
        D:6 |     661 |     862 |  56.6 |      19 |       3 |  13.6
        D:7 |    1190 |     937 |  44.1 |      24 |      15 |  38.5
        D:8 |    1876 |      57 |   2.9 |      29 |       8 |  21.6
        D:9 |    2502 |    2171 |  46.5 |      32 |       8 |  20.0
       D:10 |    1564 |     744 |  32.2 |       9 |       7 |  43.8
       D:11 |    3968 |    2667 |  40.2 |      41 |      13 |  24.1
       D:12 |    6920 |     605 |   8.0 |      34 |      11 |  24.4
       D:13 |   18209 |    9756 |  34.9 |      57 |      23 |  28.8
       D:14 |    8270 |    1090 |  11.6 |      30 |       1 |   3.2
       D:15 |   14344 |   23948 |  62.5 |      36 |      24 |  40.0
     Lair:1 |    2116 |       0 |   0.0 |      10 |       0 |   0.0
     Lair:2 |    1035 |    4695 |  81.9 |       6 |      42 |  87.5
     Lair:3 |    1282 |    1668 |  56.5 |       7 |       4 |  36.4
     Lair:4 |    5133 |    2950 |  36.5 |      21 |       6 |  22.2
     Lair:5 |    7206 |    3548 |  33.0 |      33 |      10 |  23.3
     Lair:6 |   10225 |   11816 |  53.6 |      45 |      44 |  49.4
    Swamp:1 |    8321 |    3742 |  31.0 |      41 |       1 |   2.4
    Swamp:2 |    9047 |       0 |   0.0 |      28 |       0 |   0.0
    Swamp:3 |    8682 |    1897 |  17.9 |      32 |       2 |   5.9
    Swamp:4 |   10948 |   19778 |  64.4 |      36 |      42 |  53.8
   Spider:1 |    7401 |    6801 |  47.9 |      22 |      12 |  35.3
   Spider:2 |    9454 |       0 |   0.0 |      42 |       0 |   0.0
   Spider:3 |   10077 |    7516 |  42.7 |      41 |       4 |   8.9
   Spider:4 |   11918 |   15362 |  56.3 |      49 |      41 |  45.6
      Orc:1 |    3239 |    5823 |  64.3 |      27 |      10 |  27.0
      Orc:2 |     697 |   17144 |  96.1 |      14 |      74 |  84.1
      Elf:1 |   12684 |    5604 |  30.6 |      21 |       9 |  30.0
      Elf:2 |   18995 |    3560 |  15.8 |      32 |       4 |  11.1
      Elf:3 |    2894 |   37498 |  92.8 |       5 |      28 |  84.8
   Vaults:1 |   27682 |   25332 |  47.8 |      64 |      35 |  35.4
   Vaults:2 |   33400 |    9627 |  22.4 |      56 |      12 |  17.6
   Vaults:3 |   32927 |   22977 |  41.1 |      61 |      26 |  29.9
   Vaults:4 |   33751 |    3971 |  10.5 |      66 |       8 |  10.8
    Crypt:1 |     837 |       0 |   0.0 |       2 |       0 |   0.0
   Depths:1 |    1560 |    1003 |  39.1 |       2 |       1 |  33.3
    Ossuary |       0 |     176 | 100.0 |       0 |      21 | 100.0
      IceCv |       0 |   10342 | 100.0 |       0 |      28 | 100.0
            +---------+---------+-------+---------+---------+-------
